 Dungeon Crawl Stone Soup version 0.24-a0-518-g9d8d8d5b78 (webtiles) character file.

Game seed: 13829379149143045897

16 Gargoyl the Skirmisher (level 2, 0/26 HPs)
             Began as a Centaur Abyssal Knight on July 23, 2019.
             Was a Follower of Lugonu.
             Slain by Terence
             ... wielding a +0 morningstar
              (4 damage)
             ... on level 2 of the Dungeon.
             The game lasted 00:01:37 (970 turns).

Gargoyl the Skirmisher (Centaur Abyssal Knight)      Turns: 970, Time: 00:01:38

Health: 0/26       AC: 10    Str:  8 (11) XL:     2   Next: 37%
Magic:  3/3        EV: -2    Int:  8 (11) God:    Lugonu [*.....]
Gold:   94         SH:  0    Dex:  5 (8)  Spells: 1/1 levels left

rFire    . . .     SeeInvis .   a - +3 hand axe
rCold    . . .     Gourm    .   (no shield)
rNeg     . . .     Faith    .   d - +0 plate armour
rPois    .         Spirit   .   (no helmet)
rElec    .         Reflect  .   (no cloak)
rCorr    .         Harm     .   k - +1 pair of gloves
MR       .....                  (no barding)
Stlth    ..........             (no amulet)
HPRegen  0.08/turn              f - -3 ring of strength (curse)
MPRegen  0.08/turn              (no ring)

@: very quick
A: large, hooves 3, deformed body, deterioration 1, speed 2, tough skin 3
a: Depart the Abyss, Renounce Religion


You were on level 2 of the Dungeon.
You worshipped Lugonu.
Lugonu was aware of your devotion.
You were not hungry.

You visited 1 branch of the dungeon, and saw 2 of its levels.
You visited the Abyss 1 time.

You collected 94 gold pieces.

Inventory:

Hand Weapons
 a - a +3 hand axe (weapon)
Armour
 d - a +0 plate armour (worn)
 k - a +1 pair of gloves (worn)
Jewellery
 f - a cursed -3 ring of strength (left hand)
Potions
 e - a potion of brilliance
Comestibles
 c - 3 rations


   Skills:
 + Level 3.3 Fighting
 + Level 1.9 Axes
 * Level 1.5 Armour
 * Level 1.0 Dodging
 * Level 2.1 Invocations


You had one spell level left.
You didn't know any spells.
Your spell library was empty.

Dungeon Overview and Level Annotations

Branches:
Dungeon (2/15)

Altars:

Annotations:
D:2 Terence


Innate Abilities, Weirdness & Mutations

You have hooves in place of feet.
Armour fits poorly on your strangely shaped body.
You cover ground very quickly.
You have extremely tough skin. (AC +3)
Your body sometimes deteriorates upon taking damage.


Message History

Terence hits you with a +0 morningstar.
You hit Terence.
Terence is severely wounded.
Terence hits you but does no damage.
You completely miss Terence. You kick Terence, but do no damage.
Terence is severely wounded.
Terence hits you with a +0 morningstar!
You hit Terence.
Terence is almost dead.
Terence hits you with a +0 morningstar.
* * * LOW HITPOINT WARNING * * *
Your body deteriorates!
You feel dopey.
You barely miss Terence.
Terence is almost dead.
Terence hits you but does no damage.
It was a potion of degeneration.
There was something very wrong with that liquid.
You feel weakened.
You feel dopey.
You feel clumsy. Terence hits you with a +0 morningstar.
You die...

#############
#...........#
#...........#
#...........##########
#......>....†.........
#....@......########..
#....@......# ##.
#...........#########.
..............#......##.
#...8.8.8......+..[...+..
#..........#####......###
#........... ..........
##.....%.#..# ##........
#<........


You could see Terence.

Vanquished Creatures
  A leopard gecko (D:1)
  3 bats
  3 goblins (D:1)
  A hobgoblin (D:1)
  2 kobolds
  A ball python (D:2)
  A frilled lizard (D:2)
  3 rats (D:1)
15 creatures vanquished.

Notes
Turn   | Place    | Note
-------+----------+-------------------------------------------
     0 | Abyss:1  | Gargoyl the Centaur Abyssal Knight began the quest for the
                  | Orb.
     0 | Abyss:1  | Reached XP level 1. HP: 19/19 MP: 2/2
   114 | Abyss:1  | Noticed a small abomination
   136 | Abyss:1  | Noticed a neqoxec
   138 | Abyss:1  | Gained mutation: Your body sometimes deteriorates upon
                  | taking damage. [a neqoxec]
   143 | Abyss:1  | Noticed a quasit
   143 | D:1      | Escaped the Abyss
   179 | D:1      | Reached * piety under Lugonu
   533 | D:1      | Reached XP level 2. HP: 26/26 MP: 3/3
   603 | D:1      | Reached skill level 1 in Dodging
   953 | D:2      | Noticed Terence
   970 | D:2      | Slain by Terence

Levels and vault maps discovered:
D:1:      enne_arrival_octagon_isle, layout_basic, serial_forest,
          infiniplex_forest_clump_diagonal, infiniplex_forest_end_3,
          infiniplex_forest_straight_4, infiniplex_forest_straight_4,
          infiniplex_forest_zigzag_2, infiniplex_forest_straight_2,
          infiniplex_forest_lined_2, infiniplex_forest_lined_3,
          infiniplex_forest_straight_3, minmay_tromino_i4
D:2:      layout_basic, lemuel_crystal_altar, lemuel_doored_altar,
          lemuel_round_altar, eat_drink_and_be_merry_uskayaw,
          nicolae_overflow_crystal_walls, uniq_terence, uniq_natasha,
          uniq_jessica, uniq_sigmund

Skill      XL: |  1  2 |
---------------+-------+-----
Dodging        | 1 |  1.0
Fighting       | |  3.3
Axes           | |  1.9
Armour         | |  1.5
Invocations    | |  2.1

Action                   || total
-------------------------++-------
Melee: Hand axe          ||    49
       Kick              ||     6
Invok: Depart the Abyss  ||     1
  Use: Scroll            ||     6
       Potion            ||     1
Armor: Plate armour      ||    40
Dodge: Dodged            ||     2

Table legend:
 A = Non-vault XP
 B = Vault XP
 C = Vault XP percentage of total XP
 D = Non-vault monster count
 E = Vault monster count
 F = Vault count percentage of total count
                 A         B        C        D         E       F
            +---------+---------+-------+---------+---------+-------
      Total |      16 |       7 |  30.4 |      11 |       4 |  26.7
            +---------+---------+-------+---------+---------+-------
        D:1 |      12 |       7 |  36.8 |       7 |       4 |  36.4
        D:2 |       4 |       0 |   0.0 |       4 |       0 |   0.0
            +---------+---------+-------+---------+---------+-------
